 Dungeon Crawl Stone Soup version 0.21.0 (webtiles) character file.

1742 Ivernyr the Thrower (level 9, -3/96 HPs)
             Began as an Ogre Hunter on Jan 6, 2018.
             Was an Initiate of Okawaru.
             Killed by divine providence
             ... invoked by an orc priest
              (7 damage)
             ... on level 5 of the Dungeon.
             The game lasted 00:41:44 (10852 turns).

Ivernyr the Thrower (Ogre Hunter)                  Turns: 10852, Time: 00:41:45

Health: -3/96      AC:  6    Str: 18      XL:     9   Next: 5%
Magic:  0/9        EV: 10    Int: 12      God:    Okawaru [......]
Gold:   150        SH:  0    Dex: 11 (12) Spells: 8/8 levels left

rFire    . . .     SeeInvis .   a - +0 whip
rCold    . . .     Gourm    .   (no shield)
rNeg     . . .     Faith    .   b - +0 steam dragon scales (curse)
rPois    .         Spirit   +   (helmet restricted)
rElec    .         Reflect  .   (no cloak)
rCorr    .         Harm     .   (gloves unavailable)
MR       .....                  (boots unavailable)
Stlth    +.........             y - amulet of guardian spirit (curse)
HPRegen  0.26/turn              (no ring)
MPRegen  0.11/turn              (no ring)

@: very slightly contaminated
A: large, unfitting armour, tough skin 1
a: Renounce Religion


You were on level 5 of the Dungeon.
You worshipped Okawaru.
Okawaru was noncommittal.
You were not hungry.

You visited 2 branches of the dungeon, and saw 6 of its levels.

You collected 150 gold pieces.

Inventory:

Hand Weapons
 a - a +0 whip (weapon)
 r - a +0 mace of holy wrath
Missiles
 d - a throwing net (quivered)
 u - 16 poisoned needles
Armour
 b - cursed +0 steam dragon scales (worn)
Jewellery
 y - a cursed amulet of guardian spirit (around neck)
Wands
 v - a wand of flame (13)
 B - a wand of random effects (28)
Scrolls
 g - 2 scrolls of identify
 j - 6 scrolls of remove curse
 k - 2 scrolls of amnesia
 l - a scroll of noise {unknown}
 n - a scroll of magic mapping
 o - a scroll of enchant armour {unknown}
 p - a scroll of teleportation {unknown}
 q - a scroll of immolation
 t - 2 scrolls of enchant weapon {unknown}
 w - 2 scrolls of fog {unknown}
 A - 3 scrolls of blinking
Potions
 e - a potion of flight {unknown}
 h - 2 potions of resistance {unknown}
 i - a potion of curing
 m - 4 potions of agility {unknown}
 s - a potion of brilliance {unknown}
 x - 2 potions of heal wounds {unknown}
 z - a potion of haste {unknown}
 C - a potion of magic {unknown}
Comestibles
 f - 4 rations


   Skills:
 + Level 7.8 Fighting
 + Level 4.8 Maces & Flails
 * Level 9.0 Throwing
 - Level 2.0 Dodging
 - Level 0.6 Stealth


You had 8 spell levels left.
You didn't know any spells.

Dungeon Overview and Level Annotations

Branches:
Dungeon (5/15)             Temple (1/1) D:4

Altars:
Ashenzari
Cheibriados
Dithmenos
Elyvilon
Fedhas
Gozag
Hepliaklqana
Kikubaaqudgha
Makhleb
Nemelex Xobeh
Okawaru
Qazlal
Ru
Sif Muna
Trog
Uskayaw
Vehumet
Wu Jian
Xom
Yredelemnul
Zin
The Shining One

Annotations:
D:3 1 runed door
D:5 Prince Ribbit


Innate Abilities, Weirdness & Mutations

You are too large for most types of armour.
You have tough skin. (AC +1)


Message History

The creatures around you are filled with an inner flame!
It was a scroll of immolation.
Prince Ribbit closely misses you.
The orc priest hits you with a mace of protection.
* * * LOW HITPOINT WARNING * * *
Blink to where?
Press: ? - help, Dir - move target cursor You are very lightly contaminated with residual magic.
As you read the scroll labeled BIOMESS OWURPH, it crumbles to dust.
It was a scroll of blinking.
Prince Ribbit blinks!
You see here a spear.
All of the chunks of flesh in your inventory have rotted away.
The orc priest mumbles some strange prayers to Beogh against you.
Pain shoots through your body!
* * * LOW HITPOINT WARNING * * *
Prince Ribbit croaks regally.
Prince Ribbit blinks!
The orc priest mumbles some strange prayers to Beogh against you.
Beogh smites you!
You die...

#.####..###.###.##..####.####..##
....#...........................#
....+..(.(...(..................#
....#........##.....##...##.....#
#†####...##..##.....##...##.....#
#.####...######..........##.....#
..........'...........o.........#
..........#...........§.........#
'###.##..###'##.@##.#######)##.##
.#*#'#####*#.##..##.#*,,###)####
..#.......)#.....#...,,,#....#
..#........#....<#....,,#..o.#
..#........#.....#.....,#...[#
..'........#.....#......#....#
..#........#.....#......#...F#
###..##..###...#..#,**,,#<...#
**#..#*..#*#...####*****######


You could see an orc priest (inner flame).

Vanquished Creatures
  The ghost of puimuR the Cleaver, a novice DDIE (D:4)
  Grinder (D:3)
  Eustachio (D:5)
  2 ice beasts
  A phantom (D:4)
  A gnoll sergeant (D:4)
  2 scorpions
  A killer bee (D:2)
  A howler monkey (D:5)
  A crimson imp (D:5)
  A bullfrog skeleton (D:4)
  3 hounds
  An orc priest (D:3)
  An orc wizard (D:3)
  5 worker ants
  Robin (D:3)
  A howler monkey zombie (D:5)
  4 gnolls
  8 adders
  An ooze (D:1)
  An adder zombie (D:5)
  2 adder skeletons
  3 worms
  3 dart slugs
  4 leopard geckos
  21 orcs
  5 giant cockroaches
  12 goblins
  10 hobgoblins
  3 jackals (D:3)
  2 quokkas (D:3)
  A ball python (D:5)
  7 bats
  7 frilled lizards
  5 kobolds
  6 rats
130 creatures vanquished.

Vanquished Creatures (others)
  A goblin (D:3)
1 creature vanquished.

Grand Total: 131 creatures vanquished

Notes
Turn   | Place    | Note
-------+----------+-------------------------------------------
     0 | D:1      | Ivernyr the Ogre Hunter began the quest for the Orb.
     0 | D:1      | Reached XP level 1. HP: 22/22 MP: 1/1
   334 | D:1      | Reached XP level 2. HP: 24/31 MP: 2/2
   718 | D:2      | Noticed an ice beast
   720 | D:2      | Reached XP level 3. HP: 37/37 MP: 3/3
   731 | D:2      | Killed an ice beast
   731 | D:2      | Reached skill level 1 in Maces & Flails
   731 | D:2      | Reached skill level 5 in Throwing
   731 | D:2      | Reached XP level 4. HP: 24/48 MP: 4/4
   731 | D:2      | Reached XP level 5. HP: 27/54 MP: 5/5
  1544 | D:2      | Reached XP level 6. HP: 48/63 MP: 6/6
  2058 | D:2      | Found an ancient bone altar of Kikubaaqudgha.
  2698 | D:2      | Reached skill level 6 in Throwing
  3488 | D:3      | Reached skill level 5 in Fighting
  3912 | D:3      | Noticed Robin
  4150 | D:3      | Killed Robin
  4312 | D:3      | Found a runed door.
  4312 | D:3      | Noticed an angel
  4313 | D:3      | Found a glowing golden altar of the Shining One.
  4560 | D:3      | Noticed Grinder
  5049 | D:3      | Found a glowing silver altar of Zin.
  5087 | D:3      | Paralysed by Grinder for 5 turns
  5093 | D:3      | Killed Grinder
  5093 | D:3      | Reached XP level 7. HP: 44/72 MP: 3/7
  5560 | D:3      | Found a hide-covered altar of Uskayaw.
  5560 | D:3      | Found a shimmering altar of Xom.
  5560 | D:3      | Found a stormy altar of Qazlal.
  5560 | D:3      | Found a basalt altar of Yredelemnul.
  5568 | D:3      | Found a shattered altar of Ashenzari.
  5568 | D:3      | Found a shadowy altar of Dithmenos.
  6161 | D:3      | Reached skill level 7 in Throwing
  6586 | D:4      | Found a staircase to the Ecumenical Temple.
  6599 | D:4      | Noticed puimuR's ghost (novice DDIE)
  6834 | D:4      | Found a snail-covered altar of Cheibriados.
  7278 | Temple   | Entered the Ecumenical Temple
  7360 | Temple   | Became a worshipper of Warmaster Okawaru
  7780 | D:4      | Reached XP level 8. HP: 19/83 MP: 6/8
  8839 | D:4      | Killed puimuR's ghost
  8839 | D:4      | Reached skill level 8 in Throwing
  9341 | D:5      | Entered Level 5 of the Dungeon
  9352 | D:5      | Noticed Eustachio
  9432 | D:4      | HP: 4/87 [worker ant (1)]
  9437 | D:4      | HP: 1/87 [worker ant (4)]
 10013 | D:5      | Killed Eustachio
 10277 | D:5      | Reached XP level 9. HP: 94/94 MP: 9/9
 10415 | D:5      | Reached skill level 9 in Throwing
 10560 | D:5      | Noticed Prince Ribbit
 10847 | D:5      | HP: 2/96 [orc priest/nerve-wracking pain (8)]
 10852 | D:5      | Killed from afar by an orc priest

Skill      XL: |  1  2  3  4  5  6  7  8  9 |
---------------+----------------------------+-----
Fighting       | 3 4 5 6 7 |  7.8
Dodging        | 2 |  2.0
Maces & Flails | 1 2 3 4 |  4.8
Throwing       | 5 6 7 8 9 |  9.0
Stealth        | |  0.6

Action                   |  1- 3 |  4- 6 |  7- 9 || total
-------------------------+-------+-------+-------++-------
Melee: Club              |    39 |    53 |       ||    92
       Short sword       |     7 |       |       ||     7
       Whip              |       |   304 |   454 ||   758
       Mace              |       |     3 |       ||     3
Throw: Large rock        |     5 |    11 |    33 ||    49
       Throwing net      |     1 |     2 |     3 ||     6
  Use: Scroll            |       |       |     5 ||     5
       Potion            |       |       |     4 ||     4
 Stab: Sleeping          |     1 |     2 |       ||     3
       Held in net/web   |     1 |     1 |       ||     2
  Eat: Chunk             |       |    14 |    11 ||    25
       Ration            |       |       |     2 ||     2
Armor: Robe              |    27 |    96 |    28 ||   151
       Steam dragon scal |       |       |   147 ||   147
Dodge: Dodged            |    40 |   200 |   301 ||   541
